 Dungeon Crawl Stone Soup version 0.31-a0-210-gccc998df9b (webtiles) character file.

Game seed: 15939950205320736550

14279 Dylgear the Cleaver (level 12, -7/92 HPs)
             Began as a Barachi Fighter on June 29, 2023.
             Was a Priest of Cheibriados.
             Killed from afar by a frost giant (12 damage)
             ... with a bolt of cold
             ... while petrified by a basilisk
             ... on level 12 of the Dungeon.
             The game lasted 00:31:49 (13035 turns).

Dylgear the Cleaver (Barachi Fighter)              Turns: 13035, Time: 00:31:50

Health: -7/92      AC: 24    Str: 34    XL:     12   Next: 14%
Magic:  12/12      EV:  2    Int: 16    God:    Cheibriados [***...]
Gold:   534        SH:  0    Dex: 23    Spells: 11/11 levels left

rFire   + + .        C - +0 war axe (heavy)
rCold   . . .        c - +0 buckler
rNeg    + + +        b - +0 plate armour
rPois   ∞            t - +2 helmet {SInv}
rElec   +            y - +1 cloak
rCorr   +            k - +0 pair of gloves
SInv    +            u - +0 pair of boots
Will    .....        e - amulet of reflection Stlth
                     l - ring of fire
HPRegen 0.35/turn    x - +6 ring of strength
MPRegen 0.13/turn

%: reflection
@: resistant, petrified, very slow
A: amphibious, slowness 1, strong legs 1, +LOS
a: Hop, Renounce Religion, Bend Time, Temporal Distortion


You were on level 12 of the Dungeon.
You worshipped Cheibriados.
Cheibriados was most pleased with you.
You visited 2 branches of the dungeon, and saw 13 of its levels.

You collected 534 gold pieces.

Inventory:

Hand Weapons
 a - a +1 war axe of freezing
 i - a +1 flail of holy wrath
 C - a +0 heavy war axe (weapon)
 D - a +2 vampiric whip
 H - a +3 battleaxe
Missiles
 r - 3 boomerangs (quivered)
Armour
 b - a +0 plate armour (worn)
 c - a +0 buckler (worn)
 k - a +0 pair of gloves (worn)
 o - a scarf of repulsion
 s - a +0 troll leather armour
 t - a +2 helmet of see invisible (worn)
 u - a +0 pair of boots (worn)
 y - a +1 cloak (worn)
Jewellery
 e - an amulet of reflection (around neck)
 l - a ring of fire (left hand)
 n - a ring of resist corrosion
 q - a ring of poison resistance
 v - the ring of Brawling {rF+ rN+ Str-5 SInv Stlth+}
   (You found it on level 4 of the Dungeon)

   [ring of see invisible]

   Str:       It affects your strength (-5).
   rF:        It protects you from fire.
   rN:        It protects you from negative energy.
   SInv:      It lets you see invisible.
   Stlth:     It makes you more stealthy.
 x - a +6 ring of strength (right hand)
 I - a ring of willpower
 K - a ring of flight
 N - a ring of see invisible
Wands
 j - a wand of paralysis (14)
 B - a wand of roots (25)
 G - a wand of flame (17)
 M - a wand of mindburst (10)
Scrolls
 p - a scroll of brand weapon
 w - 4 scrolls of fear
 z - 4 scrolls of teleportation
 A - 2 scrolls of blinking
Potions
 f - 2 potions of attraction
 g - 3 potions of invisibility
 h - a potion of brilliance
 m - a potion of resistance
 E - a potion of ambrosia
 F - a potion of enlightenment
 J - a potion of degeneration {unknown}


   Skills:
 + Level 8.1 Fighting
 * Level 13.8 Axes
 * Level 11.6 Armour
 + Level 2.8 Dodging
 + Level 2.0 Stealth
 * Level 10.5 Shields


You had 11 spell levels left.
You didn't know any spells.
Your spell library contained the following spells:

 Spells                   Type           Power      Damage    Failure   Level
 Sandblast                Erth           0%         2d4       83%         1
 Sting                    Tmut/Pois      0%         1d3       83%         1
 Blink                    Tloc           0%         N/A       92%         2
 Sublimation of Blood     Necr           0%         N/A       92%         2
 Inner Flame              Hex/Fire       0%         N/A       99%         3
 Ozocubu's Armour         Ice            0%         N/A       99%         3
 Portal Projectile        Hex/Tloc       0%         N/A       99%         3
 Anguish                  Hex/Necr       0%         N/A       100%        4
 Flame Wave               Conj/Fire      0%         2d4       100%        4
 Leda's Liquefaction      Hex/Erth       0%         N/A       100%        4
 Manifold Assault         Tloc           0%         N/A       100%        4
 Petrify                  Tmut/Erth      0%         N/A       100%        4
 Sticky Flame             Conj/Fire      0%         2d3       100%        4
 Irradiate                Conj/Tmut      0%         3d11      100%        5
 Metabolic Englaciation   Hex/Ice        0%         N/A       100%        5
 Storm Form               Tmut/Air       0%         N/A       100%        7


Dungeon Overview and Level Annotations

Branches:
Dungeon (12/15)            Temple (1/1) D:7            Lair (0/5) D:11
    Orc: D:9-12

Altars:
Ashenzari
Cheibriados
Dithmenos
Elyvilon
Fedhas
Gozag
Hepliaklqana
Kikubaaqudgha
Makhleb
Nemelex Xobeh
Okawaru
Qazlal
Ru
Sif Muna
Trog
Uskayaw
Vehumet
Wu Jian
Xom
Yredelemnul
Zin
The Shining One

Shops:
D:5 (   D:10 (


Innate Abilities, Weirdness & Mutations

You are amphibious.
You cover ground slowly.
You can hop short distances.
You have an extended range of vision and can be seen from far away.


Message History

Unknown command.
Unknown command.
Unknown command.
Unknown command.
Unknown command.
Unknown command.
Unknown command.
Unknown command.
You feel protected. The basilisk gazes at you.
Your limbs have turned to stone.
The frost giant casts a spell at you. The bolt of cold hits you!
The basilisk bites you!
The frost giant gestures at you while chanting.
The bolt of cold hits you!!!
You have turned to stone.
The two-headed ogre hits you with a +0 great mace!
The two-headed ogre hits you but does no damage.
The basilisk gazes at you.
The frost giant hits you with a +1 battleaxe of freezing!!
The frost giant freezes you.
The basilisk bites you but does no damage.
The frost giant gestures at you while chanting.
The bolt of cold hits you!!
* * * LOW HITPOINT WARNING * * *
The two-headed ogre hits you but does no damage.
The two-headed ogre hits you with a +0 giant club.
* * * LOW HITPOINT WARNING * * *
The basilisk gazes at you. You resist with some effort.
The frost giant hits you with a +1 battleaxe of freezing!!
* * * LOW HITPOINT WARNING * * *
The frost giant freezes you!
* * * LOW HITPOINT WARNING * * *
The basilisk bites you.
* * * LOW HITPOINT WARNING * * *
The two-headed ogre hits you with a +0 great mace.
The two-headed ogre barely misses you. The frost giant casts a spell at you.
The bolt of cold hits you!!
You die...

##.. #...#
....# #####
#...### #...#
#...#. #...#
#.... #.<.#
##...## ##>##
#...#l## ##
#.# #..
#@C.###.###...
####
##O.[#...#...#
##......O..#
## ##.......##
#..
##.........##
#..#
#...........#
#...#
##.........##
#...#
##.......##
#...#
##.........#


You could see a frost giant, a two-headed ogre and a basilisk.

Vanquished Creatures
  A boulder beetle (D:11)
  A cyclops (D:12)
  An ugly thing (D:12)
  2 manticores (D:12)
  An elephant (D:11)
  3 gargoyles
  3 komodo dragons
  4 trolls
  6 slime creatures (D:12)
  2 shadows
  2 wraiths
  A vampire (D:12)
  11 yaks
  A wyvern (D:10)
  2 basilisks (D:11)
  7 vampire mosquitoes (D:11)
  An acid dragon (D:11)
  An ice beast (D:7)
  3 orc warriors
  3 sky beasts
  2 black bears
  3 ogres
  8 centaurs
  A phantom (D:5)
  5 bullfrogs
  2 kobold brigands
  9 scorpions
  A gnoll sergeant (D:9)
  7 wights
  5 howler monkeys
  7 hounds
  2 gnoll boudas
  2 orc priests (D:8)
  2 jellies (D:6)
  4 iguanas
  6 orc wizards
  Robin (D:3)
  10 adders
  42 gnolls
  A shadow imp (D:7)
  A white imp (D:5)
  An ufetubus (D:5)
  2 worms
  4 dart slugs
  40 orcs
  6 endoplasms
  6 giant cockroaches
  12 goblins
  14 hobgoblins
  18 jackals
  10 kobolds
  4 quokkas
  4 ball pythons
  4 bats
  A frilled lizard (D:2)
  7 rats
310 creatures vanquished.

Notes
Turn   | Place    | Note
-------+----------+-------------------------------------------
     0 | D:1      | Dylgear the Barachi Fighter began the quest for the Orb.
     0 | D:1      | Reached XP level 1. HP: 18/18 MP: 1/1
   275 | D:1      | Reached XP level 2. HP: 25/25 MP: 2/2
  1067 | D:2      | Reached XP level 3. HP: 24/30 MP: 3/3
  1285 | D:2      | Reached skill level 3 in Axes
  1310 | D:2      | Reached XP level 4. HP: 35/37 MP: 4/4
  1794 | D:3      | Noticed an ogre
  1807 | D:3      | Killed an ogre
  1808 | D:3      | Reached skill level 4 in Axes
  1808 | D:3      | Reached XP level 5. HP: 29/42 MP: 5/5
  1965 | D:3      | Reached skill level 1 in Dodging
  2053 | D:3      | Got the Compilation of Frore Charms
  2061 | D:3      | Noticed Robin
  2186 | D:3      | Reached XP level 6. HP: 48/48 MP: 6/6
  2194 | D:3      | Killed Robin
  2409 | D:3      | Reached skill level 5 in Axes
  2861 | D:4      | Reached skill level 5 in Armour
  2914 | D:4      | Reached skill level 5 in Shields
  2914 | D:4      | Reached XP level 7. HP: 55/55 MP: 7/7
  3110 | D:4      | Reached skill level 6 in Axes
  3373 | D:4      | Reached skill level 5 in Fighting
  3434 | D:4      | Reached XP level 8. HP: 61/62 MP: 8/8
  3869 | D:4      | Reached skill level 7 in Axes
  4069 | D:4      | Identified the ring of Brawling {rF+ rN+ Str-5 SInv Stlth+}
  4461 | D:5      | Entered Level 5 of the Dungeon
  4700 | D:5      | Reached skill level 1 in Stealth
  4797 | D:5      | Found Luphupp's Weapon Shoppe.
  5116 | D:5      | Reached skill level 8 in Axes
  5671 | D:6      | Reached XP level 9. HP: 69/69 MP: 9/9
  5914 | D:6      | Reached skill level 9 in Axes
  6298 | D:6      | Found a bloodstained altar of Trog.
  6536 | D:6      | Found a shimmering blue altar of Sif Muna.
  6545 | D:6      | Got Sif Muna's Codex of Plutonic Contaminants
  6560 | D:6      | Found a shadowy altar of Dithmenos.
  6740 | D:7      | Reached skill level 10 in Axes
  7347 | D:7      | Found a glowing golden altar of the Shining One.
  7398 | D:7      | Found a staircase to the Ecumenical Temple.
  7411 | Temple   | Entered the Ecumenical Temple
  7448 | Temple   | Became a worshipper of Cheibriados the Contemplative
  7974 | D:8      | Reached XP level 10. HP: 31/77 MP: 10/10
  8251 | D:8      | Found an iron altar of Okawaru.
  9004 | D:9      | Found a radiant altar of Vehumet.
  9168 | D:9      | Reached skill level 11 in Axes
  9168 | D:9      | Reached * piety under Cheibriados
  9566 | D:9      | Found a radiant altar of Vehumet.
  9568 | D:9      | Found a shadowy altar of Dithmenos.
  9568 | D:9      | Found an ancient bone altar of Kikubaaqudgha.
  9569 | D:9      | Found a shimmering blue altar of Sif Muna.
  9569 | D:9      | Found a sacrificial altar of Ru.
  9569 | D:9      | Found a shimmering altar of Xom.
  9735 | D:10     | Entered Level 10 of the Dungeon
  9769 | D:10     | Found a stormy altar of Qazlal.
 10008 | D:10     | Found a shimmering blue altar of Sif Muna.
 10407 | D:10     | Found Sorom's Antique Weapon Boutique.
 10628 | D:10     | Reached ** piety under Cheibriados
 11036 | D:11     | Noticed a gargoyle
 11043 | D:10     | Reached XP level 11. HP: 77/82 MP: 11/11
 11098 | D:11     | Found a staircase to the Lair.
 11127 | D:11     | Reached skill level 12 in Axes
 11325 | D:11     | Reached skill level 10 in Armour
 12224 | D:12     | Reached *** piety under Cheibriados
 12439 | D:12     | Noticed a brown ugly thing
 12451 | D:12     | Reached skill level 13 in Axes
 12456 | D:12     | Killed a brown ugly thing
 12610 | D:12     | Noticed a manticore
 12616 | D:12     | Killed a manticore
 12708 | D:12     | Noticed a cyclops
 12714 | D:12     | Reached skill level 10 in Shields
 12718 | D:12     | Killed a cyclops
 12724 | D:12     | Noticed a boulder beetle
 12883 | D:12     | Reached XP level 12. HP: 59/92 MP: 12/12
 12896 | D:11     | Killed a boulder beetle
 13024 | D:12     | Noticed a frost giant
 13027 | D:12     | Noticed a two-headed ogre
 13035 | D:12     | Killed from afar by a frost giant

Illustrated notes

Levels and vault maps discovered:
D:1:      dpeg_chamrin_arrival_tetris, layout_loops_corners, serial_park_tiny_1,
          bh_walls_and_bars
D:2:      layout_loops_ring
D:3:      layout_loops_ring, uniq_robin
D:4:      lemuel_castle_with_subvaults [lemuel_castle_interior_original],
          layout_basic
D:5:      layout_cave_pods, serial_shops, nicolae_shop_hallway_plus,
          kennysheep_generic_room_11
D:6:      layout_loops_ring, nzn_overflow_gifts_of_might_and_magic,
          grunt_dithmenos_smoke
D:7:      layout_loops_corners, tso_altar, minmay_temple_entry_trees
D:8:      layout_cave_pods, kennysheep_little_box
D:9:      layout_loops_corners, doesnt_xom_only_xom, old_standard_altar
D:10:     layout_stronghold, serial_rivers, chequers_serial_rivers_micro_e,
          chequers_serial_rivers_room_b, chequers_serial_rivers_small_b,
          chequers_serial_rivers_room_b, serial_shops, shop,
          hangedman_feature_mirror
D:11:     layout_small_grid, david_lair_generic
D:12:     evilmike_diamond_1, layout_loops_corners, hiddenorc2_lemuel,
          enter_trove_2
Temple:   nicolae_temple_superstar

Skill      XL: |  1  2  3  4  5  6  7  8  9 10 11 |
---------------+----------------------------------+-----
Armour         | 4 5 6 7 9 11 | 11.6
Axes           | 3 4 5 6 8 10 11 13 | 13.8
Fighting       | 4 5 6 7 8 |  8.1
Shields        | 4 5 6 7 9 10 | 10.5
Dodging        | 1 2 |  2.8
Stealth        | 1 2 |  2.0

Action                     |  1- 3 |  4- 6 |  7- 9 | 10-12 || total
---------------------------+-------+-------+-------+-------++-------
  Melee: War axe           |    87 |   162 |   402 |   254 ||   905
  Throw: Boomerang         |       |     1 |       |       ||     1
Ability: Hop               |     1 |       |       |       ||     1
    Use: Scroll            |     5 |     6 |     5 |     3 ||    19
         Potion            |       |       |     3 |     6 ||     9
 Armour: Scale mail        |    29 |       |       |       ||    29
         Chain mail        |    15 |    86 |   181 |       ||   282
         Plate armour      |       |       |     2 |   161 ||   163
  Dodge: Dodged            |    26 |    44 |   140 |   112 ||   322
  Block: Buckler           |    45 |    94 |   241 |   214 ||   594
         Reflection        |       |     4 |     5 |    20 ||    29

Table legend: (Time is in decaauts)
 A = Elapsed time spent in this place.
 B = Non-inter-level travel time spent in this place.
 C = Inter-level travel time spent in this place.
 D = Time resting spent in this place.
 E = Time spent auto-exploring this place.
 F = Levels seen in this place.
 G = Mean time per level.
                   A        B        C        D        E       F      G
               +--------+--------+--------+--------+--------+-----+--------+
         Total |  16557 |  15102 |   1455 |   2319 |   9227 |  13 | 1273.6 |
       Dungeon |  16424 |  14969 |   1455 |   2319 |   9130 |  12 | 1368.7 |
        Temple |    133 |    133 |      0 |      0 |     97 |   1 |  133.0 |
               +--------+--------+--------+--------+--------+-----+--------+

Top non-repeatable levels by time:
     D:4: 1883 daAuts
    D:11: 1823 daAuts
     D:9: 1762 daAuts
    D:10: 1494 daAuts
     D:8: 1354 daAuts
     D:1: 1313 daAuts
     D:5: 1296 daAuts
     D:3: 1262 daAuts
     D:6: 1246 daAuts
     D:7: 1199 daAuts
    D:12: 928 daAuts
     D:2: 860 daAuts
  Temple: 133 daAuts
